 Dungeon Crawl Stone Soup version 0.30-a0-528-g8c47a4955b (webtiles) character file.

Game seed: 863859868174850025

126982 demibob the Fencer (level 16, -10/124 HPs)
             Began as a Demonspawn Berserker on Dec 23, 2022.
             Was a High Priest of Trog.
             Mangled by an ettin
             ... wielding a +0 dire flail
              (29 damage)
             ... on level 15 of the Dungeon.
             The game lasted 00:52:37 (24738 turns).

demibob the Fencer (Demonspawn Berserker)          Turns: 24738, Time: 00:52:38

Health: -10/124    AC: 28    Str: 22    XL:     16   Next: 45%
Magic:  16/16      EV: 10    Int:  8    God:    Trog [*****.]
Gold:   870        SH:  4    Dex: 17    Spells: 15/15 levels left

rFire   + . .      SeeInvis +    a - +3 triple sword (flame)
rCold   . . .      Faith    +    (shield currently unavailable)
rNeg    . . .      Spirit   .    w - +2 plate armour {Will+}
rPois   +          Reflect  .    (no helmet)
rElec   .          Harm     .    J - +0 cloak {rPois}
rCorr   +          Rampage  .    H - +2 pair of gloves {Stlth+}
Will    ++...                    (boots unavailable) Stlth
                                 j - amulet of faith {!P}
HPRegen 0.40/turn                F - ring of protection from fire
MPRegen 0.15/turn                U - ring of Anarchy {rCorr SInv}

@: no status effects
A: hooves 3, repulsion field 1, icemail 1, powered by death 1, condensation
shield
a: Renounce Religion, Berserk, Trog's Hand, Brothers in Arms


You were on level 15 of the Dungeon.
You worshipped Trog.
Trog was extremely pleased with you.
You visited 3 branches of the dungeon, and saw 22 of its levels.
You also visited: Sewer and Gauntlet.

You collected 2725 gold pieces.
You spent 1855 gold pieces at shops.


Innate Abilities, Weirdness & Mutations

You have hooves in place of feet.
You are surrounded by a mild repulsion field. (EV +2)
A meltable icy envelope protects you from harm. (AC +4)
You regenerate a little health from kills.
A meltable shield of frost defends you. (SH +4)


   Skills:
 - Level 10.9 Fighting
 + Level 20.7 Long Blades
 + Level 15.4 Armour
 - Level 1.7 Dodging
 - Level 0.4 Evocations


You had 15 spell levels left.
You didn't know any spells.
Your spell library was empty.

Inventory:

Hand Weapons
 a - a +3 triple sword of flaming (weapon)
Missiles
 y - a throwing net {=f}
Armour
 w - a +2 plate armour of willpower (worn)
 H - a +2 pair of gloves of stealth (worn)
 J - a +0 cloak of poison resistance (worn)
 O - a +2 cloak of preservation
Jewellery
 c - a ring of protection from cold
 j - an amulet of faith (around neck) {!P}
 z - an amulet of reflection
 E - a +4 ring of evasion
 F - a ring of protection from fire (left hand)
 P - a ring of poison resistance
 R - a ring of resist corrosion
 U - the ring of Anarchy (right hand) {rCorr SInv}
   (You took it off a minotaur in a Gauntlet)

   [ring of see invisible]

   SInv:      It lets you see invisible.
   rCorr:     It protects you from acid and corrosion.
Wands
 d - a wand of quicksilver (16)
 k - a wand of iceblast (10)
 s - a wand of mindburst (7)
 v - a wand of paralysis (13)
 x - a wand of flame (35)
 N - a wand of polymorph (9)
 T - a wand of digging (11)
Scrolls
 b - 3 scrolls of magic mapping
 e - 4 scrolls of enchant armour
 f - 4 scrolls of enchant weapon
 i - a scroll of blinking
 m - 6 scrolls of fear
 n - 4 scrolls of fog
 G - 3 scrolls of identify {@r1}
 Q - 7 scrolls of teleportation {@r2}
 V - a scroll of summoning
Potions
 g - 4 potions of might
 h - a potion of resistance
 l - 4 potions of berserk rage {!q}
 p - 4 potions of attraction
 q - 6 potions of mutation
 r - 2 potions of cancellation
 t - 2 potions of magic
 A - 2 potions of ambrosia
 B - 2 potions of heal wounds {@q2}
 D - 3 potions of curing {@q1}
 I - a potion of haste {@q3}
 W - 4 potions of flight
Miscellaneous
 K - a phantom mirror (inert)
 L - a piece from Xom's chessboard (15/15)

Dungeon Overview and Level Annotations

Branches:
Dungeon (15/15)            Temple (0/1) D:5            Lair (5/5) D:9
 Shoals (0/4) Lair:3        Snake (0/4) Lair:3        Slime (0/5) Lair:5
    Orc (2/2) D:12            Elf (0/3) Orc:2        Vaults (0/5) D:14
  Sewer (visited)         Gauntlet (visited)
 Depths: D:15

Altars:
Cheibriados
Gozag
Kikubaaqudgha
Okawaru
Sif Muna
Uskayaw

Shops:
D:2 *   D:9 (   D:13 *   Orc:2 *!*(

Annotations:
Lair:3 exclusion: 3 oklob plants
Lair:4 exclusion: oklob plant
Lair:5 1 runed translucent door

#.# #.# .▓ ▓. #.####
#.. ▓. #....# ...▓.#
### ####.### ..▓.. ..#
###.[..# #.#.#..#
.......# ▓...#.#
###..### ## ▓..C..###
#..# #. ▓⌠.@#...#
###..# #..▓▓▓▓.▓▓▓#
.....######......#...##
.#..........###......(#
.....######.###).#....#
#†#..#######...##....<#
#.#...........## #.##.#
#.##.########## ....#
.....# ..###


You could see an ettin.


Message History

The wizard blinks!
You are too injured to fight recklessly!
You are too injured to fight recklessly!
You are too injured to fight recklessly!
You are too injured to fight recklessly!
You are too injured to fight recklessly!
You are too injured to fight recklessly!
You are too injured to fight recklessly!
You are too injured to fight recklessly!
You are too injured to fight recklessly!
You are too injured to fight recklessly!
You are too injured to fight recklessly!
You are too injured to fight recklessly!
You are too injured to fight recklessly!
You are too injured to fight recklessly!
You are too injured to fight recklessly!
You slash the ettin! You burn the ettin. You kick the ettin.
The ettin is heavily wounded.
You hit the ettin. You burn the ettin.
The ettin is severely wounded.
The ettin closely misses you. The ettin misses you.
You slash the ettin! You burn the ettin. You kick the ettin, but do no damage.
The ettin is almost dead.
The ettin barely misses you. x2
You barely miss the ettin.
The ettin is almost dead.
The ettin hits you with a +0 dire flail!!
* * * LOW HITPOINT WARNING * * *
The ettin hits you with a +0 dire flail!!
You die...

Skill      XL: |  1  2  3  4  5  6  7  8  9 10 11 12 13 14 15 16 |
---------------+-------------------------------------------------+-----
Long Blades    | 3 4 5 7 9 11 13 14 15 16 17 18 20 | 20.7
Armour         | 5 10 11 12 14 15 | 15.4
Fighting       | 5 9 10 | 10.9
Dodging        | |  1.7
Evocations     | |  0.4

Action                   |  1- 3 |  4- 6 |  7- 9 | 10-12 | 13-15 | 16-18 || total
-------------------------+-------+-------+-------+-------+-------+-------++-------
Melee: Falchion          |   137 |    87 |   335 |    53 |       |       ||   612
       Punch             |     1 |     1 |     3 |     2 |       |       ||     7
       Kick              |       |       |   102 |   159 |   433 |    76 ||   770
       Great sword       |       |       |       |   389 |   945 |       ||  1334
       Triple sword      |       |       |       |       |   280 |   180 ||   460
Invok: Berserk           |     4 |     2 |     1 |     7 |     9 |     1 ||    24
       Trog's Hand       |       |       |       |     1 |     6 |     2 ||     9
       Brothers in Arms  |       |       |       |       |     4 |     1 ||     5
Evoke: Wand              |       |       |     2 |    18 |    16 |       ||    36
       Phantom mirror    |       |       |       |       |       |     1 ||     1
  Use: Scroll            |     4 |     6 |     5 |     9 |    12 |       ||    36
       Potion            |     1 |       |     1 |     2 |     4 |     1 ||     9
 Stab: Sleeping          |     1 |       |       |       |       |       ||     1
       Distracted        |       |       |       |       |     1 |       ||     1
Armor: Animal skin       |    26 |    26 |       |       |       |       ||    52
       Scale mail        |       |    11 |   113 |    11 |       |       ||   135
       Plate armour      |       |       |       |   252 |   782 |   104 ||  1138
Dodge: Dodged            |   104 |    48 |   123 |   151 |   466 |    59 ||   951
Block: Other             |    19 |    15 |    37 |    51 |   172 |    31 ||   325

Levels and vault maps discovered:
D:1:      sevenhm_arrival_forest_fort_large_2, layout_basic
D:2:      layout_basic, serial_shops, shop
D:3:      layout_basic, nicolae_gozag_seed_capital
D:4:      layout_rooms, portal_sewer_entry_f, sigmund_army, uniq_pikel
D:5:      corexii_shack_village, layout_cave_pools,
          nicolae_overflow_hidden_temple, minmay_temple_entry_arrows
D:6:      layout_cave_pods, lemuel_round_altar, overflow_temple_1_default,
          nicolae_grassy_gnolls
D:7:      minmay_the_grid_plus_closed [minmay_the_grid_tree,
          minmay_the_grid_diamond_grid, minmay_the_grid_dragon_b,
          minmay_the_grid_odd_star, minmay_the_grid_prize_trominoes],
          layout_rooms, nicolae_uskayaw_suspiria, mainiacjoe_overflow_paths
D:8:      layout_basic, lemuel_flamethrower_1
D:9:      layout_rooms, nicolae_overflow_crystal_walls,
          erik_lair_orcish_takeover, nicolae_inconvenience_store, uniq_joseph,
          uniq_harold
D:10:     layout_roguey
D:11:     layout_roguey, grunt_tough_drop
D:12:     layout_rooms, orc_0_dummy
D:13:     layout_rooms, portal_ice_cave_entry_pillars_1, gauntlet_entry_generic,
          nicolae_shop_overcharged_wands
D:14:     lemuel_traditional_vault, layout_rooms,
          skrybe_vaults_entry_preservation, nicolae_benzene_ring, uniq_lodul,
          uniq_kirke
D:15:     hangedman_depths_entry_civil_slaughter, layout_loops_ring,
          bh_walls_and_bars
Lair:1:   layout_small_grid, beast_lair_carwin_2, lemuel_fruit_tree
Lair:2:   layout_roguey, worms_lemuel, serial_bayou_shore_b, grunt_megastairs_2
Lair:3:   layout_gridlike, shoals_dummy_entry, guppyfry_snake_entry_island,
          chequers_serial_rivers_marsh, dpeg_oklob_1
Lair:4:   layout_cave_pods
Lair:5:   minmay_lair_end_enchanted_forest, layout_cave_pods, slime_entry_2,
          serial_bayou_shore_a
Orc:1:    layout_diamond_mine, uniq_erica
Orc:2:    hellmonk_orc_salted, layout_diamond_mine, ebering_ghost_rock_garden

Notes
Turn   | Place    | Note
-------+----------+-------------------------------------------
     0 | D:1      | demibob the Demonspawn Berserker began the quest for the
                  | Orb.
     0 | D:1      | Reached XP level 1. HP: 18/18 MP: 1/1
   128 | D:1      | Reached skill level 3 in Long Blades
   174 | D:1      | Gained mutation: A meltable shield of frost defends you.
                  | (SH +4) [demonic ancestry]
   174 | D:1      | Reached XP level 2. HP: 16/24 MP: 2/2
   614 | D:1      | Reached XP level 3. HP: 28/29 MP: 3/3
   629 | D:1      | Reached ** piety under Trog
   801 | D:1      | Reached skill level 4 in Long Blades
  1229 | D:2      | Found Ucas's General Store.
  1250 | D:2      | Bought a potion of curing for 33 gold pieces
  1523 | D:2      | Reached XP level 4. HP: 35/35 MP: 4/4
  2116 | D:3      | Found an opulent altar of Gozag.
  2198 | D:3      | You fall into a shaft and drop 2 floors!
  2198 | D:5      | Entered Level 5 of the Dungeon
  2225 | D:5      | Found an ancient bone altar of Kikubaaqudgha.
  2241 | D:4      | Found a glowing drain.
  2262 | D:4      | Reached skill level 5 in Long Blades
  2263 | Sewer    | Entered a sewer
  2306 | Sewer    | Noticed Pargi
  2312 | Sewer    | Killed Pargi
  2313 | Sewer    | Gained mutation: A meltable icy envelope protects you from
                  | harm. (AC +4) [demonic ancestry]
  2313 | Sewer    | Reached XP level 5. HP: 41/41 MP: 5/5
  2465 | D:4      | Noticed a lemure
  2465 | D:4      | Noticed a lemure
  2466 | D:4      | Noticed Pikel
  2466 | D:4      | Noticed a lemure
  2475 | D:4      | Noticed a lemure
  2485 | D:4      | Killed Pikel
  2486 | D:4      | Reached skill level 7 in Long Blades
  2486 | D:4      | Reached XP level 6. HP: 47/47 MP: 6/6
  2486 | D:4      | Gained mutation: You have large cloven feet. [demonic
                  | ancestry]
  2486 | D:4      | Reached XP level 7. HP: 52/52 MP: 7/7
  2493 | D:4      | Reached skill level 8 in Long Blades
  2556 | D:4      | Reached *** piety under Trog
  2668 | D:4      | Identified the +6 quarterstaff of Rubbish {flame, +Blink
                  | rPois rC+ Str+3}
  2682 | D:4      | Identified the +1 leather armour of Lies {*Corrode rElec
                  | Regen+ Str+10}
  3828 | D:5      | Reached skill level 9 in Long Blades
  3828 | D:5      | Reached XP level 8. HP: 58/58 MP: 8/8
  3978 | D:5      | Found a staircase to the Ecumenical Temple.
  4151 | D:5      | Reached **** piety under Trog
  4500 | D:6      | Reached skill level 10 in Long Blades
  4657 | D:6      | Found a snail-covered altar of Cheibriados.
  5370 | D:6      | Found a shimmering blue altar of Sif Muna.
  5667 | D:7      | Reached skill level 11 in Long Blades
  5680 | D:7      | Gained mutation: You regenerate a little health from kills.
                  | [demonic ancestry]
  5680 | D:7      | Reached XP level 9. HP: 42/63 MP: 9/9
  5952 | D:7      | Noticed a boulder beetle
  5952 | D:7      | Noticed a cyclops
  5961 | D:7      | Noticed a two-headed ogre
  5962 | D:7      | Killed a cyclops
  5963 | D:7      | Reached skill level 12 in Long Blades
  5963 | D:7      | Noticed a cyclops
  5963 | D:7      | Noticed a troll
  5963 | D:7      | Noticed a boulder beetle
  5976 | D:7      | Killed a two-headed ogre
  5977 | D:7      | Reached skill level 13 in Long Blades
  6017 | D:7      | Killed a troll
  6155 | D:7      | Reached XP level 10. HP: 70/70 MP: 10/10
  6201 | D:7      | Killed a boulder beetle
  6329 | D:7      | Reached skill level 14 in Long Blades
  6531 | D:7      | Reached skill level 2 in Armour
  6662 | D:7      | Killed a cyclops
  6740 | D:7      | Killed a boulder beetle
  6741 | D:7      | Reached skill level 3 in Armour
  7142 | D:7      | Reached skill level 4 in Armour
  7216 | D:7      | Found a hide-covered altar of Uskayaw.
  8108 | D:8      | Reached skill level 5 in Armour
  8324 | D:9      | Noticed Joseph
  8343 | D:9      | Killed Joseph
  8347 | D:9      | Gained mutation: You are surrounded by a mild repulsion
                  | field. (EV +2) [demonic ancestry]
  8347 | D:9      | Reached XP level 11. HP: 75/75 MP: 11/11
  8403 | D:9      | Found a staircase to the Lair.
  8732 | D:9      | Noticed Harold
  8742 | D:9      | Killed Harold
  8743 | D:9      | Reached skill level 15 in Long Blades
  8743 | D:9      | Reached skill level 6 in Armour
  8818 | D:9      | Found an iron altar of Okawaru.
  8958 | D:9      | Found Gojecoz's Antique Weapon Emporium.
  9248 | Lair:1   | Entered Level 1 of the Lair of Beasts
  9640 | D:10     | Entered Level 10 of the Dungeon
  9779 | D:10     | Reached ***** piety under Trog
  9971 | D:10     | Identified a potion of experience
  9972 | D:10     | Reached skill level 10 in Armour
  9972 | D:10     | Gained mutation: You have hoof-like feet. [demonic
                  | ancestry]
  9972 | D:10     | Reached XP level 12. HP: 79/79 MP: 12/12
 10070 | D:10     | Noticed a two-headed ogre
 10079 | D:10     | Killed a two-headed ogre
 10231 | D:10     | Noticed a two-headed ogre
 10237 | D:10     | Killed a two-headed ogre
 10531 | D:11     | Reached skill level 11 in Armour
 11117 | D:11     | Noticed a seven-headed hydra
 11350 | Lair:1   | Reached skill level 4 in Fighting
 11735 | Lair:1   | Received a gift from Trog
 11751 | Lair:1   | Reached skill level 16 in Long Blades
 12098 | Lair:1   | Reached skill level 5 in Fighting
 12311 | Lair:2   | Gained mutation: You have hooves in place of feet. [demonic
                  | ancestry]
 12311 | Lair:2   | Reached XP level 13. HP: 62/91 MP: 13/13
 12582 | Lair:2   | Reached skill level 6 in Fighting
 13432 | Lair:3   | Reached skill level 7 in Fighting
 13464 | Lair:3   | Found a staircase to the Shoals.
 14011 | Lair:3   | Reached skill level 8 in Fighting
 14030 | Lair:3   | Reached skill level 17 in Long Blades
 14088 | Lair:3   | Found a staircase to the Snake Pit.
 14670 | Lair:4   | Reached skill level 9 in Fighting
 15648 | Lair:4   | Identified a potion of resistance
 15709 | Lair:5   | Entered Level 5 of the Lair of Beasts
 15793 | Lair:5   | Reached XP level 14. HP: 100/109 MP: 14/14
 16007 | Lair:5   | Identified the +9 arbalest of Radicalism {penet, Str+3}
 16034 | Lair:5   | Reached skill level 10 in Fighting
 16056 | Lair:5   | Reached ****** piety under Trog
 16139 | Lair:5   | Received a gift from Trog
 16343 | Lair:5   | Found a runed translucent door.
 16484 | Lair:5   | Reached skill level 18 in Long Blades
 17909 | Lair:5   | Found a staircase to the Slime Pits.
 18355 | D:12     | Received a gift from Trog
 18499 | D:12     | Reached skill level 12 in Armour
 18557 | D:12     | Found a staircase to the Orcish Mines.
 18582 | Orc:1    | Entered Level 1 of the Orcish Mines
 18721 | Orc:1    | Noticed Erica
 18730 | Orc:1    | Killed Erica
 19162 | Orc:2    | Entered Level 2 of the Orcish Mines
 19526 | Orc:2    | Found a staircase to the Elven Halls.
 19657 | Orc:2    | Found a runed translucent gate.
 19657 | Orc:2    | Found a runed translucent gate.
 19657 | Orc:2    | Found a runed translucent gate.
 19657 | Orc:2    | Noticed Cheivey's ghost (journeyman TrMo)
 19781 | Orc:2    | Reached XP level 15. HP: 100/117 MP: 15/15
 19970 | Orc:2    | Reached skill level 19 in Long Blades
 20083 | Orc:2    | Received a gift from Trog
 20381 | Orc:2    | Paralysed by an orc sorcerer for 2 turns
 20431 | Orc:2    | Found Ohuupp's Distillery.
 20471 | Orc:2    | Found Ukupha Dehut's Assorted Antiques.
 20477 | Orc:2    | Reached skill level 13 in Armour
 20567 | Orc:2    | Found Hykoi's General Store.
 20638 | Orc:2    | Found Miaraol's Weapon Boutique.
 20738 | Orc:2    | Bought a scroll of acquirement for 676 gold pieces
 20738 | Orc:2    | Acquired a ring of see invisible
 20759 | Orc:2    | Bought a shiny coral ring for 185 gold pieces
 20759 | Orc:2    | Bought a jewelled ivory wand for 148 gold pieces
 20765 | Orc:2    | Bought a potion of heal wounds for 75 gold pieces
 20765 | Orc:2    | Bought a potion of flight for 45 gold pieces
 20804 | Orc:2    | Killed Cheivey's ghost
 21247 | D:13     | Found a frozen archway.
 21258 | D:13     | Found a gate leading to a gauntlet.
 21296 | D:13     | Found Aniefim's Overcharged Wands.
 21350 | Gauntlet | Entered a Gauntlet
 21350 | Gauntlet | Found a transporter.
 21350 | Gauntlet | Found a transporter.
 21448 | Gauntlet | Found a transporter.
 21463 | Gauntlet | Found a transporter.
 21478 | Gauntlet | Found a transporter.
 21491 | Gauntlet | Found a transporter.
 21579 | Gauntlet | Found a transporter.
 21594 | Gauntlet | Found a transporter.
 21612 | Gauntlet | Found a transporter.
 21624 | Gauntlet | Found a transporter.
 21707 | Gauntlet | Found a transporter.
 21717 | Gauntlet | Found a transporter.
 21719 | Gauntlet | Found a transporter.
 21721 | Gauntlet | Found a transporter.
 21724 | Gauntlet | Found a transporter.
 21727 | Gauntlet | Found a transporter.
 21813 | Gauntlet | Identified the +3 pair of gloves of the Boiling Point
                  | {-Tele rF+ Dex+3}
 22046 | Gauntlet | Identified the ring of Anarchy {rCorr SInv}
 22352 | D:13     | Bought a wand of digging (11) for 693 gold pieces
 22383 | D:13     | Received a gift from Trog
 22961 | D:14     | Found a gate to the Vaults.
 22975 | D:14     | Reached skill level 14 in Armour
 22995 | D:14     | Noticed Kirke
 23003 | D:14     | Noticed Lodul
 23010 | D:14     | Noticed a sphinx
 23018 | D:14     | Reached skill level 20 in Long Blades
 23020 | D:14     | Killed Kirke
 23030 | D:14     | Killed Lodul
 23371 | D:14     | Reached XP level 16. HP: 124/124 MP: 16/16
 23433 | D:14     | Received a gift from Trog
 23740 | D:14     | Noticed a sphinx
 23754 | D:14     | Killed a sphinx
 23782 | D:14     | Noticed a storm dragon
 23792 | D:14     | Killed a storm dragon
 23793 | D:14     | Reached skill level 15 in Armour
 24017 | D:15     | Entered Level 15 of the Dungeon
 24455 | D:15     | Identified the +5 great sword "Gikhlemn" {flame, Int+2}
 24738 | D:15     | Mangled by an ettin

Vanquished Creatures
  A sphinx (D:14)
  A storm dragon (D:14)
  Kirke (D:14)
  A frost giant (D:14)
  The ghost of Cheivey the Grappler, a journeyman TrMo of Jiyva (Orc:2)
  A minotaur (Gauntlet)
  An ettin (D:14)
  A deep elf high priest (D:14)
  Harold (D:9)
  5 hydras
  7 centaur warriors
  A catoblepas (Lair:5)
  7 two-headed ogres
  7 boulder beetles
  11 death yaks
  Erica (Orc:1)
  2 tengu warriors
  2 orc high priests (Orc:2)
  A hell hog (Gauntlet)
  5 skeletal warriors (D:11)
  Lodul (D:14)
  2 sixfirhies (Gauntlet)
  3 deep trolls
  8 orc knights
  Pikel (D:4)
  A deep elf zephyrmancer (D:14)
  A necromancer (D:15)
  A deep elf pyromancer (D:13)
  4 orc sorcerers
  20 ugly things
  7 manticores
  10 cyclopes
  10 elephants
  3 black mambas
  A gargoyle (D:14)
  Joseph (D:9)
  2 torpor snails
  17 cane toads
  A yaktaur (D:15)
  2 unseen horrors
  An efreet (D:14)
  A freezing wraith (D:13)
  2 rime drakes
  3 komodo dragons
  11 trolls
  3 hornets (Lair:5)
  4 polar bears
  A hornet (shapeshifter) (D:15)
  8 slime creatures
  9 saltlings (Orc:2)
  14 blink frogs
  13 dream sheep
  A centaur simulacrum (D:14)
  3 wyverns
  2 vampires
  A shadow (D:10)
  14 spriggans (Lair:5)
  2 hogs (D:14)
  A water elemental (D:14)
  5 wraiths
  3 fire bats (Gauntlet)
  3 basilisks (Lair:3)
  34 yaks
  2 steam dragons
  14 vampire mosquitoes
  A swamp worm (Lair:2)
  A naga (Lair:3)
  A swamp worm (shapeshifter) (D:14)
  11 water moccasins
  6 wargs
  4 acid dragons
  2 hell hounds (Gauntlet)
  16 orc warriors
  Pargi (Sewer)
  2 sky beasts
  2 ice beasts (D:7)
  5 black bears
  26 wolves
  4 boggarts (Lair:5)
  11 ogres
  11 centaurs
  3 kobold brigands
  A phantom (D:5)
  14 bullfrogs
  2 scorpions
  3 necrophages
  14 wights
  7 howler monkeys
  5 electric eels
  A hound (D:5)
  4 jellies
  14 orc priests
  A gnoll bouda (D:6)
  2 iguanas (D:7)
  10 orc wizards
  3 gnolls (D:6)
  9 adders
  A shadow imp (D:5)
  5 white imps
  2 worms
  55 orcs
  4 endoplasms
  7 giant cockroaches
  11 goblins
  5 hobgoblins
  3 jackals (D:1)
  10 quokkas
  7 ball pythons
  12 bats
  A frilled lizard (D:1)
  17 kobolds
  8 rats
654 creatures vanquished.

Vanquished Creatures (collateral kills)
  An ironbound preserver (D:14)
  A centaur warrior (D:14)
  A flayed ghost (D:14)
  A lindwurm (Lair:5)
  2 orc knights (Orc:2)
  A wizard (D:14)
  4 ugly things (D:14)
  A cyclops (D:14)
  A black mamba (Lair:5)
  A torpor snail (Lair:5)
  2 trolls
  A slime creature (D:14)
  2 yaks (Lair:5)
  2 hogs (D:14)
  A vampire mosquito (D:14)
  2 orc warriors (Orc:2)
  4 ogres (D:14)
  2 wolves (Lair:5)
  An orc priest (Orc:2)
  An orc wizard (Orc:2)
  An orc (Orc:2)
33 creatures vanquished.

Vanquished Creatures (others)
  An unseen horror (Orc:1)
  A shadow (D:7)
  17 fungi
  3 pillars of salt (Orc:2)
  32 plants
  2 withered plants (Gauntlet)
56 creatures vanquished.

Grand Total: 743 creatures vanquished

Table legend: (Time is in decaauts)
 A = Elapsed time spent in this place.
 B = Non-inter-level travel time spent in this place.
 C = Inter-level travel time spent in this place.
 D = Time resting spent in this place.
 E = Time spent auto-exploring this place.
 F = Levels seen in this place.
 G = Mean time per level.
                   A        B        C        D        E       F      G
               +--------+--------+--------+--------+--------+-----+--------+
         Total |  24623 |  23666 |    957 |   2594 |  16375 |  24 | 1026.0 |
       Dungeon |  14395 |  13888 |    507 |   1658 |   9636 |  15 |  959.7 |
          Lair |   7033 |   6757 |    276 |    456 |   5096 |   5 | 1406.6 |
  Orcish Mines |   2260 |   2087 |    173 |    322 |   1210 |   2 | 1130.0 |
         Sewer |    112 |    112 |      0 |      0 |     31 |   1 |  112.0 |
      Gauntlet |    821 |    821 |      0 |    156 |    402 |   1 |  821.0 |
               +--------+--------+--------+--------+--------+-----+--------+

Top non-repeatable levels by time:
  Lair:5: 2250 daAuts
     D:7: 1592 daAuts
   Orc:2: 1485 daAuts
    D:14: 1448 daAuts
  Lair:1: 1310 daAuts
  Lair:3: 1249 daAuts
  Lair:4: 1209 daAuts
     D:9: 1138 daAuts
     D:6: 1113 daAuts
     D:2: 1111 daAuts
     D:1: 1100 daAuts
     D:8: 1094 daAuts
  Lair:2: 1012 daAuts
    D:11: 912 daAuts
    D:10: 901 daAuts

Table legend:
 A = Non-vault XP
 B = Vault XP
 C = Vault XP percentage of total XP
 D = Non-vault monster count
 E = Vault monster count
 F = Vault count percentage of total count
                 A         B        C        D         E       F
            +---------+---------+-------+---------+---------+-------
      Total |  101796 |   66487 |  39.5 |     484 |     205 |  29.8
            +---------+---------+-------+---------+---------+-------
        D:1 |      55 |       0 |   0.0 |      33 |       0 |   0.0
        D:2 |      78 |       0 |   0.0 |      18 |       0 |   0.0
        D:3 |     109 |       0 |   0.0 |       9 |       0 |   0.0
        D:4 |     186 |     655 |  77.9 |      22 |       7 |  24.1
        D:5 |     702 |      16 |   2.2 |      18 |       7 |  28.0
        D:6 |     602 |      83 |  12.1 |       8 |       4 |  33.3
        D:7 |    1160 |    5136 |  81.6 |      16 |      20 |  55.6
        D:8 |    1387 |       0 |   0.0 |      25 |       0 |   0.0
        D:9 |    1461 |    1958 |  57.3 |      20 |      11 |  35.5
       D:10 |    2905 |       0 |   0.0 |      16 |       0 |   0.0
       D:11 |    4957 |       0 |   0.0 |      10 |       0 |   0.0
       D:12 |    5978 |       0 |   0.0 |      17 |       0 |   0.0
       D:13 |    9289 |       0 |   0.0 |      21 |       0 |   0.0
       D:14 |   11568 |   24700 |  68.1 |      29 |      44 |  60.3
       D:15 |    8071 |    2877 |  26.3 |      15 |       4 |  21.1
     Lair:1 |    3744 |     660 |  15.0 |      13 |       4 |  23.5
     Lair:2 |    5670 |     165 |   2.8 |      20 |       1 |   4.8
     Lair:3 |    9842 |     163 |   1.6 |      41 |       1 |   2.4
     Lair:4 |    8995 |       0 |   0.0 |      32 |       0 |   0.0
     Lair:5 |   17882 |    8677 |  32.7 |      43 |      47 |  52.2
      Orc:1 |    4486 |     821 |  15.5 |      32 |       1 |   3.0
      Orc:2 |    2669 |   16227 |  85.9 |      26 |      38 |  59.4
      Sewer |       0 |     143 | 100.0 |       0 |       7 | 100.0
   Gauntlet |       0 |    4206 | 100.0 |       0 |       9 | 100.0
            +---------+---------+-------+---------+---------+-------
